 Dungeon Crawl Stone Soup version 0.29.1-2-gbd0b4ee654 (webtiles) character file.

Game seed: 15786779324280397337

37 xian the Sneak (level 3, -4/27 HPs)
             Began as a Demonspawn Brigand on Nov 24, 2022.
             Killed from afar by Sigmund (12 damage)
             ... with a puff of flame
             ... on level 2 of the Dungeon.
             The game lasted 00:02:19 (822 turns).

xian the Sneak (Demonspawn Brigand)                  Turns: 822, Time: 00:02:19

Health: -4/27      AC:  4    Str: 13    XL:     3   Next: 23%
Magic:  3/3        EV: 11    Int: 12    God:
Gold:   108        SH:  0    Dex:  9    Spells: 2/2 levels left

rFire   . . .      SeeInvis +   l - +5 flail "Ulyocwuot" {venom, rC++ Dex-5 Stlth+}
rCold   + + .      Faith    .   (no shield)
rNeg    . . .      Spirit   .   q - +0 leather armour
rPois   .          Reflect  .   (no helmet)
rElec   .          Harm     .   c - +0 cloak
rCorr   .          Rampage  .   (no gloves)
Will    .....                   (no boots)
Stlth   +++.......              (no amulet)
HPRegen 0.09/turn               j - ring of see invisible
MPRegen 0.08/turn               o - ring of see invisible

@: no status effects
A: powered by death 1, weakness stinger 1
a: no special abilities


You were on level 2 of the Dungeon.
You visited 1 branch of the dungeon, and saw 2 of its levels.

You collected 108 gold pieces.

Inventory:

Hand Weapons
 a - a +2 dagger
 l - the +5 flail "Ulyocwuot" (weapon) {venom, rC++ Dex-5 Stlth+}
   (You found it on level 2 of the Dungeon)

   It poisons the flesh of those it strikes.
   Dex:       It affects your dexterity (-5).
   rC:        It greatly protects you from cold.
   Stlth:     It makes you more stealthy.
Missiles
 d - 9 poisoned darts (quivered)
 e - 3 curare-tipped darts
Armour
 c - a +0 cloak (worn)
 q - a +0 leather armour (worn)
Jewellery
 j - a ring of see invisible (left hand)
 o - a ring of see invisible (right hand)
Scrolls
 f - a scroll of butterflies {unknown}
 g - a scroll of identify {unknown}
 i - a scroll of teleportation {unknown}
 n - a scroll of enchant weapon {unknown}
 p - a scroll of amnesia {unknown}
Potions
 h - a potion of magic {unknown}
 k - a potion of cancellation {unknown}
 m - a potion of curing {unknown}


   Skills:
 + Level 2.0 Fighting
 + Level 2.1 Short Blades
 + Level 2.0 Throwing
 + Level 1.0 Dodging
 + Level 4.3 Stealth


You had 2 spell levels left.
You didn't know any spells.
Your spell library was empty.

Dungeon Overview and Level Annotations

Branches:
Dungeon (2/15)

Altars:

Annotations:
D:2 Sigmund


Innate Abilities, Weirdness & Mutations

You regenerate a little health from kills.
You have a small tail.


Message History

You start removing your armour.
You continue taking off your +0 robe. x4
You finish taking off your +0 robe.
You start putting on your armour.
You continue putting on your +0 leather armour. x5
You finish putting on your +0 leather armour.
You drop a +0 robe.
An endoplasm comes into view.
An endoplasm is nearby!
Found a scroll labelled BUHUCAY HOSI.
The helpless endoplasm fails to defend itself.
You thump the endoplasm!
You kill the endoplasm!
Found a stone staircase leading down.
Sigmund the Dreaded comes into view.
He is wielding a +0 scythe.
Found a bubbling grey potion.
An endoplasm comes into view.
Found 18 gold pieces.
You see here a scroll labelled BUHUCAY HOSI.
Sigmund shouts!
The endoplasm quivers.
Sigmund hits you with a +0 scythe!
There is a stone staircase leading down, spattered with blood here.
You hit Sigmund.
Sigmund is poisoned.
Sigmund is lightly wounded.
Sigmund hits you with a +0 scythe!
* * * LOW HITPOINT WARNING * * *
You hit Sigmund.
Sigmund looks as sick as possible!
You tail-slap Sigmund.
Sigmund is moderately wounded.
Sigmund points at you and mumbles some strange words.
You resist with significant effort.
You barely miss Sigmund.
Sigmund is moderately wounded.
Sigmund points at you and mumbles some strange words.
You resist with significant effort.
You hit Sigmund.
Sigmund looks as sick as possible!
Sigmund is heavily wounded.
The endoplasm barely misses you.
Sigmund points at you and mumbles some strange words.
The puff of flame hits you!
You die...

#.........#.........#
###...................)
........................
####.........#....#.##..
####......##>..#.....
##..?..........###.
#.........##.. ...
#.........### ##..
#.@J......# ##.
#@........# #.
.!........... #.
###.$.......##
#.........# #.........#
#.........# ..........


You could see Sigmund (extremely poisoned) and an endoplasm.

Vanquished Creatures
  2 dart slugs (D:1)
  6 bats
  4 endoplasms
  5 goblins
  3 hobgoblins
  A quokka (D:1)
  3 ball pythons
  A frilled lizard (D:1)
  4 rats
29 creatures vanquished.

Notes
Turn   | Place    | Note
-------+----------+-------------------------------------------
     0 | D:1      | xian the Demonspawn Brigand began the quest for the Orb.
     0 | D:1      | Reached XP level 1. HP: 16/16 MP: 1/1
   102 | D:1      | Gained mutation: You regenerate a little health from kills.
                  | [demonic ancestry]
   102 | D:1      | Reached XP level 2. HP: 22/22 MP: 2/2
   160 | D:1      | Reached skill level 4 in Stealth
   199 | D:1      | Reached skill level 1 in Dodging
   421 | D:1      | Found a faded altar of an unknown god.
   559 | D:2      | Gained mutation: You have a small tail. [demonic ancestry]
   559 | D:2      | Reached XP level 3. HP: 27/27 MP: 3/3
   591 | D:2      | Identified the +5 flail "Ulyocwuot" {venom, rC++ Dex-5
                  | Stlth+}
   813 | D:2      | Noticed Sigmund
   822 | D:2      | Killed from afar by Sigmund

Illustrated notes

Levels and vault maps discovered:
D:1:      minmay_arrival_diagonal_passages, layout_rooms,
          hellmonk_ecumenical_altar_defaced_shrine
D:2:      layout_rooms, serial_bayou_pond_e, hangedman_feature_mirror,
          uniq_sigmund, uniq_crazy_yiuf_cottage

Skill      XL: |  1  2 |
---------------+-------+-----
Throwing       | 2 |  2.0
Short Blades   | 2 |  2.1
Stealth        | 4 |  4.3
Dodging        | 1 |  1.0
Fighting       | |  2.0

Action                   || total
-------------------------++-------
Melee: Dagger            ||    46
       Flail             ||    16
       Tailslap          ||     1
 Stab: Sleeping          ||     6
Armor: Robe              ||    15
Dodge: Dodged            ||    35
